[Event "Monday 16 April Rapid Engine Tour 12+1 Rounds 9 Starts 1600ST"]
[Site "Infinity Chess"]
[Date "2018.4.16"]
[Round "2"]
[White "Murx"]
[Black "KRAKEN"]
[Result "1/2-1/2"]
[ECO "D30"]
[WhiteElo "2518"]
[BlackElo "2518"]
[WhiteEngine "asmFishW_2018-04-07_popcnt"]
[BlackEngine "Raubfisch X38b_CTG"]
[EventType "Swiss"]
[WhiteTeam ""]
[BlackTeam ""]
[PlyCount "94"]
[TimeControl "720+1"]

1. d4 d5 2. c4 e6 3. Nf3 Nf6 4. Nc3 c6 5. e3 Nbd7 6. Qc2 Bd6 7. Bd3 O-O 
8. O-O dxc4 9. Bxc4 b5 10. Bd3 Bb7 11. a3 Rc8 12. b4 a5 13. Rb1 axb4 
14. axb4 Qe7 15. e4 e5 16. Ne2 Rfe8 17. Rd1 Bb8 18. dxe5 Nxe5 19. Nxe5 Bxe5 
20. f3 Bd6 21. Qb2 Rcd8 22. Bf4 Bxf4 23. Nxf4 Nd7 24. Qc3 Ne5 25. Bc2 Qg5 
26. g3 h5 27. Rxd8 Rxd8 28. Rd1 Rxd1+ 29. Bxd1 Bc8 30. Be2 h4 31. Kf2 hxg3+ 
32. hxg3 Bd7 33. Ng2 Qf6 34. Kg1 Qe6 35. Qd2 Qh3 36. Kf2 Qh1 37. Qe1 Qh2 
38. Qd2 f6 39. Qd1 Qh3 40. f4 Ng4+ 41. Bxg4 Bxg4 42. Qd8+ Kh7 43. e5 Be6 
44. Qd3+ Kg8 45. Qd8+ Kh7 46. Qd3+ Kg8 47. Qd8+ Kh7 1/2-1/2

[Event "Monday 16 April Rapid Engine Tour 12+1 Rounds 9 Starts 1600ST"]
[Site "Infinity Chess"]
[Date "2018.4.16"]
[Round "2"]
[White "THE_MACHINE"]
[Black "xeonrocks"]
[Result "1/2-1/2"]
[ECO "C50"]
[WhiteElo "2547"]
[BlackElo "2553"]
[WhiteEngine "BrainFish_180411_x64_bmi2"]
[BlackEngine "Stockfish_x64_bmi2_CTG"]
[EventType "Swiss"]
[WhiteTeam ""]
[BlackTeam ""]
[PlyCount "92"]
[TimeControl "720+1"]

1. e4 e5 2. Nf3 Nc6 3. Bc4 Bc5 4. O-O Nf6 5. d3 d6 6. c3 a5 7. Nbd2 Ba7 
8. Re1 O-O 9. Nf1 Be6 10. Bxe6 fxe6 11. Ng3 a4 12. Be3 Bxe3 13. Rxe3 Ne7 
14. d4 Ng6 15. Rc1 Nd7 16. Qf1 c6 17. h3 Qe7 18. Rd1 Rf7 19. Rd2 Raf8 
20. Qd1 exd4 21. Rxd4 Nge5 22. Nxe5 Nxe5 23. Re2 c5 24. Rxd6 c4 25. Qd4 Nd3 
26. e5 Nxf2 27. Ne4 Nxe4 28. Rxe4 h5 29. Qxc4 Qg5 30. Rxe6 b5 31. Qd5 Kh8 
32. Re1 Qg3 33. Rd1 Rf2 34. Qe4 Rxb2 35. Rg6 Qf2+ 36. Kh2 Re2 37. Qd4 Rxa2 
38. e6 Qxd4 39. Rxd4 Re2 40. Rd7 Ra8 41. Rf7 Re5 42. Rgxg7 Rxe6 43. Rh7+ Kg8 
44. Rhg7+ Kh8 45. Rh7+ Kg8 46. Rhg7+ Kh8 1/2-1/2

[Event "Monday 16 April Rapid Engine Tour 12+1 Rounds 9 Starts 1600ST"]
[Site "Infinity Chess"]
[Date "2018.4.16"]
[Round "1"]
[White "HerzsjeMZ"]
[Black "angriff"]
[Result "1/2-1/2"]
[ECO "C55"]
[WhiteElo "2463"]
[BlackElo "2365"]
[WhiteEngine "S_XPrO.020418.64.POPCNT"]
[BlackEngine "DracoREX 3.07 64BIT POPCNT_CTG"]
[EventType "Swiss"]
[WhiteTeam ""]
[BlackTeam ""]
[PlyCount "88"]
[TimeControl "720+1"]

1. e4 e5 2. Nf3 Nc6 3. Bc4 Nf6 4. d3 Bc5 5. c3 d6 6. O-O O-O 7. Nbd2 a5 
8. Re1 h6 9. Nf1 a4 10. h3 Ra5 11. Ng3 Bb6 12. Rb1 Bd7 13. Bd2 Ra8 14. d4 exd4 
15. cxd4 Nxd4 16. Nxd4 Bxd4 17. Bxh6 Bxf2+ 18. Kxf2 gxh6 19. Qd2 Ne8 
20. Qxh6 Ra5 21. e5 Rxe5 22. Rxe5 dxe5 23. Re1 Be6 24. Bxe6 Qd4+ 25. Re3 fxe6+ 
26. Kg1 Rf6 27. Qg5+ Kf7 28. Qxe5 Qxe5 29. Rxe5 Nd6 30. Rc5 c6 31. Rc2 e5 
32. Nh5 Rf5 33. g4 Rf3 34. Kg2 Rd3 35. Rf2+ Ke6 36. h4 Rd4 37. Kh3 a3 
38. bxa3 Rd3+ 39. Kg2 Rd4 40. Ng7+ Kd5 41. Kh3 Rd3+ 42. Kg2 Rd4 43. Kh3 Rd3+ 
44. Kg2 Rd4 1/2-1/2

[Event "Monday 16 April Rapid Engine Tour 12+1 Rounds 9 Starts 1600ST"]
[Site "Infinity Chess"]
[Date "2018.4.16"]
[Round "1"]
[White "ivrdurant"]
[Black "RonWeasley"]
[Result "1/2-1/2"]
[ECO "C11"]
[WhiteElo "2369"]
[BlackElo "2469"]
[WhiteEngine "Raubfisch X38b"]
[BlackEngine "BrainFish 090218_CTG"]
[EventType "Swiss"]
[WhiteTeam ""]
[BlackTeam ""]
[PlyCount "106"]
[TimeControl "720+1"]

1. e4 e6 2. d4 d5 3. Nc3 Nf6 4. e5 Nfd7 5. f4 c5 6. Nf3 Nc6 7. Be3 cxd4 
8. Nxd4 Qb6 9. Qd2 Qxb2 10. Rb1 Qa3 11. Bb5 Nxd4 12. Bxd4 a6 13. Bxd7+ Bxd7 
14. Rb3 Qe7 15. Rxb7 Rc8 16. O-O Qd8 17. Qf2 Rxc3 18. Bxc3 Qc8 19. Rb3 Ba4 
20. Bd4 Bxb3 21. axb3 Be7 22. c3 O-O 23. b4 Qc6 24. Ra1 Bd8 25. g3 Bc7 
26. Kg2 Ra8 27. Qf1 h6 28. h4 Qb7 29. Qd3 Bb6 30. Bxb6 Qxb6 31. f5 exf5 
32. Ra5 d4 33. Qxd4 Qb7+ 34. Qd5 Qxd5+ 35. Rxd5 Rc8 36. Rd6 Rxc3 37. Rxa6 Kf8 
38. e6 fxe6 39. Rxe6 Kf7 40. Rb6 Rb3 41. Rb7+ Kf6 42. b5 g6 43. Rb6+ Kf7 
44. Rb7+ Ke6 45. Rb6+ Kf7 46. Rb7+ Ke6 47. Rb6+ Ke5 48. Rxg6 f4 49. gxf4+ Kxf4 
50. h5 Rxb5 51. Rxh6 Rb2+ 52. Kf1 Rb1+ 53. Ke2 Kg5 1/2-1/2

[Event "Monday 16 April Rapid Engine Tour 12+1 Rounds 9 Starts 1600ST"]
[Site "Infinity Chess"]
[Date "2018.4.16"]
[Round "1"]
[White "Marsell"]
[Black "Deep_Impact"]
[Result "1/2-1/2"]
[ECO "C53"]
[WhiteElo "2473"]
[BlackElo "2381"]
[WhiteEngine "BrainFish_180408_x64_bmi2"]
[BlackEngine "asmFishW_2018-04-07_bmi2"]
[EventType "Swiss"]
[WhiteTeam ""]
[BlackTeam ""]
[PlyCount "99"]
[TimeControl "720+1"]

1. e4 e5 2. Nf3 Nc6 3. Bc4 Bc5 4. c3 Nf6 5. d3 d6 6. O-O a5 7. Bg5 Ba7 
8. Nbd2 h6 9. Bh4 Qe7 10. Bb5 O-O 11. Nc4 g5 12. Bg3 Nh5 13. Bxc6 bxc6 
14. Nxa5 Nxg3 15. hxg3 Bd7 16. Qd2 f6 17. Nc4 h5 18. Ne3 Qh7 19. a4 h4 
20. g4 Bxe3 21. Qxe3 Bxg4 22. a5 Bc8 23. Nd2 Kf7 24. d4 Ba6 25. Rfb1 g4 
26. b4 Qh5 27. dxe5 fxe5 28. c4 g3 29. fxg3 hxg3 30. Nf1 Bxc4 31. Nxg3 Qh7 
32. Nf5 Ke6 33. Qc1 Bd3 34. Qxc6 Bxb1 35. Rxb1 Rh8 36. Kf2 Rag8 37. Ne3 Qh2 
38. Qc4+ Kd7 39. Rf1 Rf8+ 40. Nf5 Rh4 41. Qb5+ Ke6 42. Qd5+ Kd7 43. Qb5+ Ke6 
44. Qd5+ Kd7 45. Ke3 Qxg2 46. Qb5+ Ke6 47. Qc4+ Kd7 48. Qb5+ Ke6 49. Qc4+ Kd7 
50. Qb5+ 1/2-1/2

[Event "Monday 16 April Rapid Engine Tour 12+1 Rounds 9 Starts 1600ST"]
[Site "Infinity Chess"]
[Date "2018.4.16"]
[Round "1"]
[White "KQRBNP"]
[Black "Mr Aj"]
[Result "1/2-1/2"]
[ECO "B23"]
[WhiteElo "2405"]
[BlackElo "2474"]
[WhiteEngine "Eman 1.70-beta21 64-bit POPCNT"]
[BlackEngine "Houdini 6_CTG"]
[EventType "Swiss"]
[WhiteTeam ""]
[BlackTeam ""]
[PlyCount "96"]
[TimeControl "720+1"]

1. e4 c5 2. Nc3 d6 3. Nge2 a6 4. g3 g6 5. Bg2 Nc6 6. d4 cxd4 7. Nxd4 Bg7 
8. Nxc6 bxc6 9. e5 d5 10. Bf4 h6 11. Qd4 e6 12. O-O-O Qc7 13. h4 Rb8 14. Na4 Bf8 
15. Qd3 Qa5 16. b3 Ba3+ 17. Nb2 c5 18. c4 Ne7 19. Kb1 d4 20. Bd2 Qb6 21. h5 g5 
22. Ka1 Bd7 23. Rb1 a5 24. Qc2 Qc7 25. Nd3 Bc6 26. Rhg1 Bxg2 27. Rxg2 Nc6 
28. f4 gxf4 29. Bxf4 Qa7 30. Bd2 a4 31. bxa4 Rxb1+ 32. Kxb1 Qa8 33. Rg1 O-O 
34. Rf1 Rb8+ 35. Ka1 Nb4 36. Nxb4 Qg2 37. Rb1 Rxb4 38. Qd3 Rxb1+ 39. Kxb1 Kg7 
40. Bxh6+ Kxh6 41. Qxa3 Kxh5 42. a5 Qe2 43. Kc1 d3 44. Qc3 Qf1+ 45. Kb2 Qg2+ 
46. Kc1 Qf1+ 47. Kb2 Qg2+ 48. Kc1 Qf1+ 1/2-1/2

[Event "Monday 16 April Rapid Engine Tour 12+1 Rounds 9 Starts 1600ST"]
[Site "Infinity Chess"]
[Date "2018.4.16"]
[Round "1"]
[White "MarioDeMonti"]
[Black "star99"]
[Result "1/2-1/2"]
[ECO "C42"]
[WhiteElo "2480"]
[BlackElo "2408"]
[WhiteEngine "stockfish_x64_bmi2_2018_02_18_CTG"]
[BlackEngine "Cryptic Heroes 9.4B"]
[EventType "Swiss"]
[WhiteTeam ""]
[BlackTeam ""]
[PlyCount "126"]
[TimeControl "720+1"]

1. e4 e5 2. Nf3 Nf6 3. Nxe5 d6 4. Nf3 Nxe4 5. d4 d5 6. Bd3 Nc6 7. O-O Be7 
8. c4 Nf6 9. Nc3 O-O 10. Re1 Be6 11. Ng5 Bg4 12. f3 dxc4 13. Bxc4 Bf5 
14. Be3 Qd7 15. Bf2 a6 16. Bb3 h6 17. Nge4 Rad8 18. Nxf6+ Bxf6 19. Nd5 Bg5 
20. h4 Be7 21. Nxe7+ Nxe7 22. Rc1 c6 23. Rc5 Rfe8 24. Bg3 Rc8 25. Kh2 Bg6 
26. Ree5 Bf5 27. a3 Kf8 28. Qd2 f6 29. Re1 Nd5 30. Bxd5 cxd5 31. Rec1 Rxc5 
32. dxc5 Kf7 33. Rd1 Be6 34. Qd3 Qc6 35. b4 Kg8 36. Kg1 Kh8 37. Kh2 Bf7 
38. Bf4 Kg8 39. Kg3 Qe6 40. a4 Qc6 41. Ra1 a5 42. Qb5 axb4 43. Rb1 Re6 
44. Rxb4 Be8 45. Qd3 Qxc5 46. Rxb7 Qc4 47. Qb1 f5 48. Rb6 Rxb6 49. Qxb6 Qxa4 
50. Qe6+ Bf7 51. Qxf5 d4 52. Be5 Qa5 53. Qc8+ Kh7 54. Bxd4 Qe1+ 55. Bf2 Qe5+ 
56. f4 Qe4 57. Qg4 Be6 58. Qf3 Qxf3+ 59. gxf3 Kg8 60. h5 Kf7 61. Bb6 g6 
62. hxg6+ Kxg6 63. f5+ Kxf5 1/2-1/2

[Event "Monday 16 April Rapid Engine Tour 12+1 Rounds 9 Starts 1600ST"]
[Site "Infinity Chess"]
[Date "2018.4.16"]
[Round "1"]
[White "Longin"]
[Black "Katzenmaier"]
[Result "1/2-1/2"]
[ECO "C50"]
[WhiteElo "2436"]
[BlackElo "2494"]
[WhiteEngine "Raubfisch ME262_GTZ17b_CTG"]
[BlackEngine "Raubfisch X36b"]
[EventType "Swiss"]
[WhiteTeam ""]
[BlackTeam ""]
[PlyCount "120"]
[TimeControl "720+1"]

1. e4 e5 2. Nf3 Nc6 3. Bc4 Bc5 4. O-O Nf6 5. d3 d6 6. c3 O-O 7. Re1 a5 
8. Bb3 Be6 9. Bg5 h6 10. Bh4 Bxb3 11. axb3 Re8 12. Nbd2 g5 13. Bg3 Qd7 
14. h3 Ba7 15. Nc4 Kg7 16. Nfd2 Ng8 17. Na3 d5 18. Nf3 f6 19. exd5 Qxd5 
20. Nc4 Bb6 21. d4 exd4 22. Ne3 Qd7 23. Nxd4 Nxd4 24. cxd4 Ne7 25. Qf3 c6 
26. Rad1 Rad8 27. Nc4 Bc7 28. Ne3 Bb6 29. Nc4 Bc7 30. Bxc7 Qxc7 31. Qh5 Qd7 
32. Ne3 Rf8 33. Ra1 Nd5 34. Rxa5 Nxe3 35. Rxe3 Rf7 36. Ra4 Re8 37. Rxe8 Qxe8 
38. Qd1 Qe6 39. Qc2 Qe1+ 40. Kh2 Qe6 41. Qc3 Qe2 42. Kg1 Rd7 43. Ra1 Re7 
44. b4 Re4 45. g4 h5 46. gxh5 g4 47. Qg3 Rxd4 48. Qc7+ Kh6 49. Qf7 Rd1+ 
50. Rxd1 Qxd1+ 51. Kg2 gxh3+ 52. Kh2 Qg4 53. Qxf6+ Kxh5 54. Qe5+ Kh4 
55. Qf6+ Kh5 56. Qf7+ Kh4 57. Qe7+ Kh5 58. Qe5+ Kh4 59. Qh8+ Kg5 60. Qe5+ Kh4 
1/2-1/2

[Event "Monday 16 April Rapid Engine Tour 12+1 Rounds 9 Starts 1600ST"]
[Site "Infinity Chess"]
[Date "2018.4.16"]
[Round "1"]
[White "SkyPilot"]
[Black "ocirema"]
[Result "1/2-1/2"]
[ECO "C55"]
[WhiteElo "2501"]
[BlackElo "2443"]
[WhiteEngine "stockfish_x64_bmi2_2018_04_07_CTG"]
[BlackEngine "asmFishW_2018-04-11_popcnt_CTG"]
[EventType "Swiss"]
[WhiteTeam ""]
[BlackTeam ""]
[PlyCount "162"]
[TimeControl "720+1"]

1. e4 e5 2. Nf3 Nc6 3. Bc4 Nf6 4. d3 Bc5 5. c3 d6 6. O-O O-O 7. h3 a5 
8. Nbd2 Be6 9. Bb5 h6 10. Re1 Qb8 11. Nf1 Qa7 12. Ne3 a4 13. Re2 Rfb8 
14. Nf5 Bxf5 15. exf5 Qa5 16. Bxc6 bxc6 17. Nh2 Bb6 18. Ng4 Nxg4 19. hxg4 Qd5 
20. Qc2 Qb5 21. g3 f6 22. Kg2 Qd5+ 23. f3 Bc5 24. Bd2 Qf7 25. Ree1 Qd5 
26. Reb1 Qf7 27. Rf1 Rb6 28. Rfe1 Qd5 29. Bc1 Kh7 30. Bd2 Kg8 31. Re4 Rab8 
32. Bc1 Ra6 33. Rc4 Ra7 34. Bd2 Kf7 35. Re1 Bb6 36. a3 c5 37. Rce4 Ke7 
38. Bc1 Raa8 39. Qd1 Re8 40. f4 Kd7 41. c4 Qc6 42. g5 Ba5 43. R1e2 hxg5 
44. fxg5 Rab8 45. Rf2 Rb3 46. Qf3 Bb6 47. g6 d5 48. cxd5 Qxd5 49. Rh4 c6 
50. Rd2 Ra8 51. Rh7 Rg8 52. Rh4 Ra8 53. Rd1 Ke7 54. Qxd5 cxd5 55. Rdh1 Bc7 
56. Rh8 Rxh8 57. Rxh8 Rb8 58. Rh7 Rg8 59. Bh6 Kf8 60. Bd2 Bd8 61. Rh2 Ke7 
62. Rh4 d4 63. Kf3 Kd6 64. Ke4 Be7 65. g4 Re8 66. Bc1 Rb8 67. Rh7 Rg8 
68. Bd2 Bf8 69. Ba5 Be7 70. Bd2 Bd8 71. Bc1 c4 72. dxc4 Kc5 73. Bd2 Kxc4 
74. Bb4 Kb3 75. Rh2 Bb6 76. g5 Bd8 77. Bd6 Re8 78. Rh3+ Kc2 79. Rh2+ Kb3 
80. Rh3+ Kc2 81. Rh2+ Kb3 1/2-1/2

[Event "Monday 16 April Rapid Engine Tour 12+1 Rounds 9 Starts 1600ST"]
[Site "Infinity Chess"]
[Date "2018.4.16"]
[Round "1"]
[White "Thinker"]
[Black "Murx"]
[Result "1/2-1/2"]
[ECO "B90"]
[WhiteElo "2445"]
[BlackElo "2521"]
[WhiteEngine "BrainFish_180411_x64_modern_CTG"]
[BlackEngine "asmFishW_2018-04-07_popcnt"]
[EventType "Swiss"]
[WhiteTeam ""]
[BlackTeam ""]
[PlyCount "104"]
[TimeControl "720+1"]

1. e4 c5 2. Nf3 d6 3. d4 cxd4 4. Nxd4 Nf6 5. Nc3 a6 6. Be3 e5 7. Nb3 Be6 
8. h3 Be7 9. f4 O-O 10. Qf3 exf4 11. Bxf4 Nbd7 12. O-O-O Rc8 13. g4 h6 
14. Kb1 Re8 15. Be2 Nh7 16. Qe3 Ndf8 17. Qg3 Ng6 18. Bxd6 Bxd6 19. Rxd6 Qc7 
20. Rd3 Nf4 21. Re3 b5 22. Bd3 Nf8 23. Ne2 N8g6 24. Rf1 Nxe2 25. Qxc7 Rxc7 
26. Bxe2 Bc4 27. c3 Bd5 28. Bd3 Bxb3 29. axb3 Ne5 30. Be2 Rd7 31. h4 Rd6 
32. g5 g6 33. gxh6 Kh7 34. Rg3 Kxh6 35. Kc2 f6 36. Rd1 Nf7 37. Rgg1 Rxd1 
38. Kxd1 Nd6 39. Bf3 Nxe4 40. Re1 f5 41. Bxe4 fxe4 42. Ke2 Kh5 43. Rh1 e3 
44. b4 Re7 45. b3 Re6 46. c4 bxc4 47. bxc4 g5 48. hxg5+ Kxg5 49. b5 axb5 
50. cxb5 Kf5 51. Rh4 Re5 52. Rb4 Re7 1/2-1/2

[Event "Monday 16 April Rapid Engine Tour 12+1 Rounds 9 Starts 1600ST"]
[Site "Infinity Chess"]
[Date "2018.4.16"]
[Round "1"]
[White "KRAKEN"]
[Black "hafaba"]
[Result "1/2-1/2"]
[ECO "E10"]
[WhiteElo "2521"]
[BlackElo "2458"]
[WhiteEngine "Raubfisch X38b_CTG"]
[BlackEngine "Eman 1.70-beta21 64-bit POPCNT_CTG"]
[EventType "Swiss"]
[WhiteTeam ""]
[BlackTeam ""]
[PlyCount "131"]
[TimeControl "720+1"]

1. d4 Nf6 2. c4 e6 3. Nf3 d5 4. Nc3 c6 5. Bg5 h6 6. Bxf6 Qxf6 7. e3 Nd7 
8. Be2 g6 9. O-O Bg7 10. cxd5 exd5 11. b4 O-O 12. b5 Qe7 13. Rc1 Nb6 
14. bxc6 bxc6 15. Nb1 Qd6 16. Nbd2 Bf5 17. Nb3 Nd7 18. Bd3 Bxd3 19. Qxd3 Rfc8 
20. Nc5 Nxc5 21. Rxc5 Bf8 22. Rfc1 Qe6 23. R5c3 Rc7 24. Nd2 Rb8 25. Nb3 Qf6 
26. Nc5 Bxc5 27. Rxc5 Rb2 28. R5c2 Rcb7 29. h3 R7b4 30. Qa3 Rxc2 31. Rxc2 Rb1+ 
32. Rc1 Rxc1+ 33. Qxc1 Qd6 34. g3 Qd7 35. Kg2 Kg7 36. Qc2 Qe6 37. a3 Kf8 
38. g4 Kg7 39. a4 h5 40. gxh5 gxh5 41. Qb1 h4 42. Qd1 Qe4+ 43. Kg1 Kh6 
44. Kh2 Qf5 45. Qf1 Kg5 46. Kg1 Kh5 47. Qe2+ Kh6 48. Kg2 Qg6+ 49. Qg4 f5 
50. Qxg6+ Kxg6 51. f3 Kh7 52. Kf2 Kg7 53. Ke1 Kf6 54. Kd2 f4 55. e4 Ke7 
56. a5 a6 57. e5 Ke6 58. Kc3 c5 59. dxc5 Kxe5 60. Kb3 d4 61. Kc4 d3 62. Kxd3 Kd5 
63. c6 Kxc6 64. Ke4 Kb5 65. Kxf4 Kxa5 66. Kg5 1/2-1/2

[Event "Monday 16 April Rapid Engine Tour 12+1 Rounds 9 Starts 1600ST"]
[Site "Infinity Chess"]
[Date "2018.4.16"]
[Round "1"]
[White "Eman"]
[Black "THE_MACHINE"]
[Result "1/2-1/2"]
[ECO "C65"]
[WhiteElo "2462"]
[BlackElo "2551"]
[WhiteEngine "Eman 1.70-beta21 64-bit POPCNT"]
[BlackEngine "BrainFish_180411_x64_bmi2"]
[EventType "Swiss"]
[WhiteTeam ""]
[BlackTeam ""]
[PlyCount "142"]
[TimeControl "720+1"]

1. e4 e5 2. Nf3 Nc6 3. Bb5 Nf6 4. d3 Bc5 5. Bxc6 dxc6 6. O-O Nd7 7. c3 O-O 
8. d4 Bd6 9. Bg5 f6 10. Qb3+ Rf7 11. Bh4 a5 12. Qc2 a4 13. Nbd2 Qe8 14. Bg3 c5 
15. Rfb1 b5 16. b3 cxd4 17. cxd4 Nf8 18. dxe5 fxe5 19. bxa4 Rxa4 20. Qb2 Ng6 
21. Qxb5 Qxb5 22. Rxb5 Ba6 23. Rb3 Nf4 24. Bxf4 Rxf4 25. a3 Rf8 26. h3 Ra8 
27. Rab1 h6 28. Rc1 Ra7 29. Rcc3 Kf7 30. Nh4 Bb7 31. Rf3+ Kg8 32. Nf5 Bxe4 
33. Nxe4 Rxe4 34. g4 Rf4 35. Rfd3 Ra6 36. Kg2 Kf7 37. Nxd6+ cxd6 38. Rb7+ Kf6 
39. Rd7 Rd4 40. Rf3+ Rf4 41. Rxf4+ exf4 42. a4 g5 43. Kf3 Rxa4 44. Rxd6+ Kg7 
45. Rd3 Kf6 46. Rd6+ Kg7 47. Rd1 Ra3+ 48. Kg2 Kg6 49. Rd6+ Kh7 50. Rd4 Kg6 
51. Rd6+ Kh7 52. Rc6 Ra1 53. Rc7+ Kg6 54. Rc6+ Kh7 55. f3 Ra7 56. Rc1 Ra2+ 
57. Kf1 Ra7 58. Rc2 Ra1+ 59. Kf2 h5 60. Rc7+ Kg6 61. Rc6+ Kh7 62. gxh5 Ra3 
63. Rg6 Ra2+ 64. Kg1 Ra1+ 65. Kh2 Ra8 66. h4 gxh4 67. Kh3 Ra3 68. Kxh4 Rxf3 
69. Kg4 Rg3+ 70. Kf5 Rxg6 71. hxg6+ Kg7 1/2-1/2

[Event "Monday 16 April Rapid Engine Tour 12+1 Rounds 9 Starts 1600ST"]
[Site "Infinity Chess"]
[Date "2018.4.16"]
[Round "1"]
[White "xeonrocks"]
[Black "KhalidOmar"]
[Result "1/2-1/2"]
[ECO "C50"]
[WhiteElo "2557"]
[BlackElo "2463"]
[WhiteEngine "Stockfish_x64_bmi2_CTG"]
[BlackEngine "Eman 1.70-beta21 64-bit BMI2"]
[EventType "Swiss"]
[WhiteTeam ""]
[BlackTeam ""]
[PlyCount "175"]
[TimeControl "720+1"]

1. e4 e5 2. Nf3 Nc6 3. Bc4 Bc5 4. O-O Nf6 5. d3 d6 6. c3 a5 7. Nbd2 O-O 
8. Re1 Be6 9. Bb5 Ba7 10. Nf1 Ne7 11. d4 exd4 12. Nxd4 Ng6 13. Ba4 h6 
14. Be3 Bc8 15. Bc2 Re8 16. Ng3 Ng4 17. Bc1 Bd7 18. h3 Nf6 19. Be3 a4 20. f4 Bc6 
21. Nxc6 Bxe3+ 22. Rxe3 bxc6 23. Qf3 Qb8 24. Rb1 Qb6 25. Nf5 Ne7 26. Nxe7+ Rxe7 
27. Kh1 Qb5 28. Re2 Rae8 29. g4 Re6 30. Bd3 Qc5 31. Rf1 Kf8 32. Bc2 Qb5 
33. Bd3 Qc5 34. Bc2 Qb5 35. Kg2 R8e7 36. Rff2 g5 37. fxg5 Qxg5 38. Qf4 d5 
39. e5 Nd7 40. Qxa4 Rxe5 41. Rxe5 Nxe5 42. Qf4 Qxf4 43. Rxf4 Nc4 44. Ba4 Re6 
45. Rf2 Ke7 46. Bb3 Nd6 47. Kf1 Ne4 48. Rh2 Rf6+ 49. Kg1 Kd6 50. a4 Ng5 
51. Kg2 c5 52. Bc2 c4 53. a5 Kc6 54. h4 Ne4 55. Bxe4 dxe4 56. Rh1 Kb5 
57. Ra1 Ka6 58. Kg3 Rf3+ 59. Kg2 c6 60. Re1 Rf4 61. Kg3 Rf3+ 62. Kh2 e3 
63. Kg2 Rf2+ 64. Kg3 Rxb2 65. Rxe3 Kxa5 66. Re5+ Rb5 67. Re4 Rb3 68. Rxc4 Kb5 
69. Rf4 Rxc3+ 70. Kf2 c5 71. Rxf7 Rh3 72. h5 c4 73. Rf3 Rh2+ 74. Kg3 Rh1 
75. Kf2 Kb4 76. Rf4 Kb3 77. Kg2 Rh4 78. Kf3 Rh3+ 79. Kg2 Rd3 80. Rf6 c3 
81. Rb6+ Kc4 82. Rxh6 Kd5 83. Rh8 c2 84. Rc8 Rd4 85. Rxc2 Rxg4+ 86. Kh3 Re4 
87. Rh2 Ke6 88. h6 1/2-1/2

[Event "Monday 23 April Rapid Engine Tour 12+1 Rounds 9 Starts 1600ST"]
[Site "Infinity Chess"]
[Date "2018.4.23"]
[Round "9"]
[White "Eman"]
[Black "Dovahkiin"]
[Result "1/2-1/2"]
[ECO "D30"]
[WhiteElo "2446"]
[BlackElo "2370"]
[WhiteEngine "Eman 1.70-beta24 64-bit POPCNT"]
[BlackEngine "BrainFish_180418_x64_modern_CTG"]
[EventType "Swiss"]
[WhiteTeam ""]
[BlackTeam ""]
[PlyCount "57"]
[TimeControl "720+1"]

1. d4 d5 2. c4 e6 3. Nf3 Nf6 4. Nc3 c6 5. e3 Nbd7 6. Bd3 dxc4 7. Bxc4 b5 
8. Bd3 Bb7 9. O-O a6 10. e4 c5 11. d5 Qc7 12. dxe6 fxe6 13. Bc2 c4 14. Ng5 Nc5 
15. e5 Qxe5 16. Re1 Qd6 17. Qxd6 Bxd6 18. Be3 O-O 19. Rad1 Be7 20. Bxc5 Bxc5 
21. Nxe6 Rfc8 22. Bf5 b4 23. Na4 Ba7 24. Ng5 Rc7 25. Be6+ Kf8 26. Bh3 Kg8 
27. Be6+ Kf8 28. Bh3 Kg8 29. Be6+ 1/2-1/2

[Event "Monday 23 April Rapid Engine Tour 12+1 Rounds 9 Starts 1600ST"]
[Site "Infinity Chess"]
[Date "2018.4.23"]
[Round "9"]
[White "IronMan"]
[Black "star99"]
[Result "0-1"]
[ECO "C77"]
[WhiteElo "2444"]
[BlackElo "2461"]
[WhiteEngine "Eman 170b23-EXP3"]
[BlackEngine "Cryptic Heroes 9.4B"]
[EventType "Swiss"]
[WhiteTeam ""]
[BlackTeam ""]
[PlyCount "265"]
[TimeControl "720+1"]

1. e4 e5 2. Nf3 Nc6 3. Bb5 a6 4. Ba4 Nf6 5. O-O Be7 6. Bxc6 dxc6 7. d3 Bd6 
8. Nbd2 Be6 9. b3 Nd7 10. h3 Qe7 11. Nc4 Bxc4 12. dxc4 Rg8 13. Qe2 h5 14. Nd2 g6 
15. a3 c5 16. Nb1 O-O-O 17. Nc3 f5 18. Nd5 Qh4 19. Bd2 f4 20. f3 c6 21. Be1 Qg5 
22. Nc3 Qe7 23. Rd1 g5 24. Rd3 Rg6 25. Nd1 Rdg8 26. g4 hxg4 27. fxg4 b6 
28. a4 Nf8 29. Bd2 Ne6 30. Nf2 Rf6 31. c3 Nd8 32. Bc1 Nb7 33. Rfd1 Bc7 
34. Kg2 Qh7 35. Kf1 Rgg6 36. Qc2 Qh4 37. Rf3 Rd6 38. Rd2 Na5 39. Qa2 Rxd2 
40. Bxd2 Rd6 41. Be1 Rd8 42. Ke2 Rd7 43. Kf1 Rd8 44. Kg2 Qh7 45. Qb1 Rd6 
46. Qb2 Bd8 47. Qc2 Rd7 48. Qb1 Kc7 49. Qa2 Kc8 50. Qb2 Rd6 51. Qa2 Rd7 
52. Qc2 Kc7 53. Qa2 Bf6 54. Qb1 Kb7 55. Kh2 Kc7 56. Kh1 Bd8 57. Kg2 Kc8 
58. Qc2 Qg6 59. Qb2 Kb8 60. Kg1 Bc7 61. Qc2 Nb7 62. Rd3 Rf7 63. Rf3 Nd6 
64. Kg2 Qh7 65. Bd2 Qg8 66. Rd3 Rf6 67. Bc1 Qf7 68. Kg1 Kc8 69. Kg2 Kb7 
70. Rf3 Ka7 71. Qb1 Qg6 72. Qc2 Qh7 73. Bd2 Kb8 74. Be1 Qe7 75. Qe2 Qh7 
76. Qc2 Re6 77. Qe2 Ka7 78. Bd2 Rf6 79. Be1 Nb7 80. Rd3 Kb8 81. Qf3 Na5 
82. Qd1 Qf7 83. Rd2 Qg6 84. Rb2 Qg8 85. Nd3 Nb7 86. Bd2 a5 87. Qf3 Qh7 
88. Be1 Qf7 89. Rf2 Kc8 90. Qe2 Rh6 91. Rf3 Nd6 92. Kf1 Qe6 93. Kg1 Rh8 
94. Kg2 Kb8 95. Bd2 Nc8 96. Kf1 Rd8 97. Ke1 Bd6 98. Bc1 b5 99. axb5 cxb5 
100. Ba3 Kc7 101. Bxc5 bxc4 102. Bxd6+ Qxd6 103. bxc4 Qa3 104. c5 Qxc3+ 
105. Kf1 Na7 106. Kg2 Qd4 107. Ne1 Nc6 108. Rf2 Qb4 109. Nf3 Nd4 110. Nxd4 Rxd4 
111. h4 gxh4 112. Kh3 a4 113. Qa6 Qxc5 114. Re2 a3 115. g5 Qc4 116. Qa7+ Kc6 
117. Qa8+ Kb5 118. Qe8+ Kb4 119. Qxe5 Qd3+ 120. Kxh4 Rd7 121. Qb8+ Ka5 
122. Qe5+ Kb6 123. Qe6+ Rd6 124. Qg4 Rd8 125. Qg2 Qd7 126. Qg1+ Kb7 127. Qa1 Qd3 
128. Rg2 f3 129. Rg4 Qd2 130. Rg1 a2 131. Qe5 Qf2+ 132. Rg3 Qd4 133. Qb5+ 0-1

[Event "Monday 23 April Rapid Engine Tour 12+1 Rounds 9 Starts 1600ST"]
[Site "Infinity Chess"]
[Date "2018.4.23"]
[Round "9"]
[White "CrapCleaner"]
[Black "angriff"]
[Result "1/2-1/2"]
[ECO "C55"]
[WhiteElo "2454"]
[BlackElo "2406"]
[WhiteEngine "Raubfisch ME262_GTZ17b1_CTG"]
[BlackEngine "DracoREX 3.07 64BIT POPCNT_CTG"]
[EventType "Swiss"]
[WhiteTeam ""]
[BlackTeam ""]
[PlyCount "113"]
[TimeControl "720+1"]

1. e4 e5 2. Nf3 Nc6 3. Bc4 Nf6 4. d3 Bc5 5. c3 d6 6. O-O O-O 7. Bg5 a5 8. Re1 h6 
9. Bh4 Ba7 10. Na3 g5 11. Bg3 g4 12. Nh4 Nh5 13. Nc2 Qg5 14. Bb3 Nxg3 
15. hxg3 Rb8 16. Ne3 b5 17. Nhf5 a4 18. Bc2 h5 19. Qc1 Bxf5 20. Nxf5 Qf6 
21. Rf1 Kh7 22. Nh4 Ne7 23. d4 Ng6 24. Nf5 Ne7 25. Nh4 Ng6 26. f4 Nxh4 
27. fxe5 Qh6 28. gxh4 Qxc1 29. Raxc1 dxe5 30. Kh2 exd4 31. Rf5 Kh6 32. e5 Rbd8 
33. Be4 a3 34. cxd4 Rxd4 35. Rc6+ f6 36. Bb1 Rc4 37. Rcxf6+ Rxf6 38. exf6 Bc5 
39. bxa3 Bd6+ 40. g3 Rd4 41. Rxb5 Rd2+ 42. Kh1 Rd1+ 43. Kg2 Rd2+ 44. Kg1 Bxg3 
45. Rg5 Rd1+ 46. Kg2 Rxb1 47. Kxg3 Rf1 48. a4 Rxf6 49. Rc5 Rf3+ 50. Kg2 Ra3 
51. a5 Rxa2+ 52. Kg3 Ra3+ 53. Kf2 Ra2+ 54. Kg3 Ra3+ 55. Kf2 Rf3+ 56. Kg2 Ra3 
57. Kf2 1/2-1/2

[Event "Monday 23 April Rapid Engine Tour 12+1 Rounds 9 Starts 1600ST"]
[Site "Infinity Chess"]
[Date "2018.4.23"]
[Round "9"]
[White "ocirema"]
[Black "KhalidOmar"]
[Result "1/2-1/2"]
[ECO "C08"]
[WhiteElo "2445"]
[BlackElo "2429"]
[WhiteEngine "Eman 1.70-beta21 64-bit POPCNT_CTG"]
[BlackEngine "Eman 1.70-beta24 64-bit BMI2"]
[EventType "Swiss"]
[WhiteTeam ""]
[BlackTeam ""]
[PlyCount "126"]
[TimeControl "720+1"]

1. e4 e6 2. d4 d5 3. Nd2 c5 4. exd5 exd5 5. Ngf3 Nf6 6. Bb5+ Bd7 7. Bxd7+ Nbxd7 
8. O-O Be7 9. dxc5 Nxc5 10. Nb3 Nce4 11. Be3 O-O 12. Re1 Bd6 13. h3 Re8 
14. c3 a6 15. Nc1 Qd7 16. Nd3 Re7 17. Bf4 Bxf4 18. Nxf4 Rae8 19. Nd3 g6 
20. Rc1 Kg7 21. Nd4 Nc5 22. Rxe7 Qxe7 23. Nxc5 Qxc5 24. h4 Qc4 25. a3 Qc5 
26. g3 Qe7 27. Kg2 h5 28. a4 Nd7 29. a5 Ne5 30. Nf3 Nxf3 31. Qxf3 Qe2 
32. b4 Qxf3+ 33. Kxf3 Kf6 34. c4 dxc4 35. Rxc4 Re5 36. Re4 Kf5 37. Rf4+ Ke6 
38. Re4 Kd5 39. Rxe5+ Kxe5 40. Ke3 f6 41. Kd3 Kd5 42. f3 g5 43. Kc3 f5 
44. hxg5 f4 45. Kd3 fxg3 46. Ke2 Ke6 47. f4 h4 48. g6 Kf6 49. f5 Ke7 50. Kf3 Kf6 
51. Kg2 Kg7 52. Kf3 Kg8 53. f6 Kf8 54. Kg2 Kg8 55. Kh3 Kf8 56. f7 Kg7 
57. Kg2 Kf8 58. Kh1 h3 59. Kg1 g2 60. Kh2 Ke7 61. Kg1 Kf8 62. Kf2 Ke7 
63. Kg1 Kf8 1/2-1/2